 Dungeon Crawl Stone Soup version 0.30-a0-883-g5ad918d77d (webtiles) character file.

Game seed: 16823592607366066776

13658 avis the Grappler (level 11, 0/110 HPs)
             Began as a Demigod Transmuter on Mar 17, 2023.
             Slain by a komodo dragon (5 damage)
             ... while petrified by a basilisk
             ... on level 1 of the Lair of Beasts.
             The game lasted 01:34:11 (12144 turns).

avis the Grappler (Demigod Transmuter)             Turns: 12144, Time: 01:34:11

Health: 0/110      AC:  7    Str: 19    XL:     11   Next: 49%
Magic:  21/22      EV:  1    Int: 15    God:
Gold:   593        SH:  0    Dex: 18    Spells: 10/20 levels left

rFire   x . .      SeeInvis .    a - melded staff of poison
rCold   + + +      Faith    .    Z - melded +0 buckler
rNeg    + + +      Spirit   .    z - melded +0 steam dragon scales
rPois   ∞          Reflect  .    (helmet currently unavailable)
rElec   .          Rampage  .    r - melded +0 cloak
rCorr   .                        (gloves currently unavailable)
Will    +....                    s - melded +0 pair of boots
Stlth   ++                       I - amulet of regeneration
HPRegen 1.18/turn                g - +5 ring of evasion
MPRegen 0.18/turn                Q - ring of flight

@: ice-form, petrified, flying
A: freezing attack, amphibious, boosted hp, large, high MP 1, forlorn, divine
attributes
a: End Transformation


You were on level 1 of the Lair of Beasts.
You were a creature of crystalline ice.
You visited 3 branches of the dungeon, and saw 12 of its levels.
You also visited: Ossuary.

You collected 593 gold pieces.

Inventory:

Hand Weapons
 b - the +8 war axe of Frustration {freeze, Str+5}
   (You found it on level 7 of the Dungeon)

   Str:       It affects your strength (+5).
 w - the +9 hammer of Evil {speed, rPois rC+ Will+ rCorr}
   (You found it on level 2 of the Dungeon)

   rC:        It protects you from cold.
   rPois:     It protects you from poison.
   rCorr:     It protects you from acid and corrosion.
   Will:      It increases your willpower.
Missiles
 e - 39 poisoned darts
 o - 2 throwing nets
 D - 13 curare-tipped darts
Armour
 r - a +0 cloak (melded)
 s - a +0 pair of boots (melded)
 z - +0 steam dragon scales (melded)
 Z - a +0 buckler (melded)
Magical Staves
 a - a staff of poison (melded)
Jewellery
 g - a +5 ring of evasion (left front paw)
 l - a ring of protection from cold
 H - a ring of protection from fire
 I - an amulet of regeneration (around neck)
 Q - a ring of flight (right front paw)
Wands
 m - a wand of roots (12)
 F - a wand of charming (15)
 K - a wand of light (13)
 T - a wand of flame (23)
 U - a wand of polymorph (8)
Scrolls
 i - 6 scrolls of fog {unknown}
 p - a scroll of amnesia {unknown}
 q - a scroll of acquirement {unknown}
 v - 2 scrolls of poison {unknown}
 y - 3 scrolls of enchant armour {unknown}
 A - 2 scrolls of noise {unknown}
 C - 5 scrolls of enchant weapon {unknown}
 E - a scroll of butterflies {unknown}
 J - 5 scrolls of blinking {unknown}
 L - 3 scrolls of immolation {unknown}
 P - a scroll of brand weapon {unknown}
 S - a scroll of teleportation {unknown}
Potions
 c - 3 potions of magic
 d - 3 potions of curing
 f - 2 potions of heal wounds
 h - 4 potions of flight
 j - a potion of resistance
 k - a potion of might {unknown}
 n - 3 potions of berserk rage
 t - 3 potions of haste
 u - 3 potions of cancellation
 G - 5 potions of brilliance
 M - a potion of mutation {unknown}
 N - 2 potions of lignification
 O - a potion of attraction {unknown}


   Skills:
 - Level 7.0 Fighting
 * Level 8.2 Dodging
 - Level 2.0 Stealth
 - Level 4.0 Shields
 - Level 10.0 Unarmed Combat
 - Level 5.0 Spellcasting
 - Level 6.0 Transmutations
 - Level 5.0 Ice Magic
 - Level 1.0 Poison Magic


You had 10 spell levels left.
You knew the following spells:

 Your Spells              Type           Power      Damage    Failure   Level
a - Beastly Appendage     Tmut           42%        N/A       1%          1
e - Wereblood             Tmut           21%        N/A       1%          2
p - Spider Form           Tmut/Pois      14%        N/A       12%         3
q - Ice Form              Ice/Tmut       20%        N/A       17%         4

Your spell library contained the following spells:

 Spells                   Type           Power      Damage    Failure   Level
 Ensorcelled Hibernation  Hex/Ice        22%        N/A       9%          2
 Poisonous Vapours        Pois/Air       10%        N/A       21%         2
 Cigotuvi's Dreadful Rot  Necr/Pois/Air  8%         N/A       22%         2
 Scorch                   Fire           6%         2d5       24%         2
 Mephitic Cloud           Conj/Pois/Air  4%         N/A       41%         3
 Inner Flame              Hex/Fire       3%         N/A       43%         3
 Summon Ice Beast         Ice/Summ       11%        N/A       50%         4
 Airstrike                Air            1%         2d(1-17)  85%         4
 Anguish                  Hex/Necr       1%         N/A       85%         4
 Flame Wave               Conj/Fire      3%         2d5       85%         4
 Sticky Flame             Conj/Fire      3%         2d3       85%         4
 Summon Lightning Spire   Summ/Air       3%         N/A       85%         4
 Lightning Bolt           Conj/Air       1%         1d12      99%         5
 Summon Mana Viper        Hex/Summ       3%         N/A       99%         5
 Summon Cactus Giant      Summ           1%         N/A       100%        6
 Monstrous Menagerie      Summ           1%         N/A       100%        7


Dungeon Overview and Level Annotations

Branches:
Dungeon (10/15)            Temple (1/1) D:5            Lair (1/5) D:10
    Orc (0/2) D:9         Ossuary (visited)

Shops:
D:3 *

Annotations:
D:3 1 runed translucent door, pokedragonboy's ghost, amateur NaWr


Innate Abilities, Weirdness & Mutations

You are a creature of crystalline ice.
You have a powerful freezing melee attack.
You are amphibious.
Your maximum health is increased.
You are immune to poison.
Your armour is entirely melded.
You are incapable of wielding weapons or throwing items.
You have an increased reservoir of magic. (+10% MP)
You shall have no god before yourself.
Your divine heritage dramatically boosts your attributes as you level up.


Message History

The basilisk bites you.
Your limbs are stiffening.
You hit the basilisk but do no damage.
The basilisk is moderately wounded.
The iguana bites you. The komodo dragon bites you! The basilisk bites you.
The iguana bites you. The komodo dragon closely misses you.
You have turned to stone.
The basilisk is no longer moving slowly.
The iguana bites you! The komodo dragon bites you!! The basilisk bites you!
The iguana bites you.
The komodo dragon bites you but does no damage.
The basilisk bites you! The iguana bites you. The komodo dragon bites you!
The basilisk gazes at you. The iguana bites you! The komodo dragon bites you!
The basilisk hisses menacingly.
The basilisk gazes at you. The iguana bites you.
The komodo dragon bites you but does no damage.
The basilisk completely misses you.
The iguana bites you but does no damage.
The komodo dragon bites you!!
The basilisk bites you but does no damage.
The iguana bites you but does no damage.
The komodo dragon bites you!!
* * * LOW HITPOINT WARNING * * *
The basilisk gazes at you.
You easily resist.
The iguana bites you!
* * * LOW HITPOINT WARNING * * *
The komodo dragon bites you. The basilisk bites you. The iguana bites you!
* * * LOW HITPOINT WARNING * * *
The komodo dragon bites you!!
* * * LOW HITPOINT WARNING * * *
The basilisk bites you.
* * * LOW HITPOINT WARNING * * *
The iguana bites you!
* * * LOW HITPOINT WARNING * * *
The komodo dragon bites you!
You die...

##.# #..# # ##.## ##P
#######.P# #... #####
#........##
#..P.###.#.###..#####..#
P...P.............##..###
#....#..####.##.........#
#.. ##.Yl!########.###.#
P #.l.l..# ### .#
#..###..$# P #.. ....# #
##. ...# ## ..... ##.. ##


You could see a komodo dragon, a basilisk and an iguana.

Vanquished Creatures
  3 two-headed ogres
  A cyclops (D:8)
  A black mamba (shapeshifter) (D:8)
  A cane toad (Lair:1)
  A gargoyle (D:10)
  A komodo dragon (D:8)
  A kobold demonologist (D:10)
  2 tengu conjurers
  3 trolls
  8 yaks
  5 wyverns
  A basilisk (D:10)
  4 steam dragons
  A vampire mosquito (D:8)
  An acid dragon (D:8)
  4 water moccasins
  8 orc warriors
  A sky beast (D:7)
  A black bear (D:6)
  3 ice beasts
  A hornet zombie (Ossuary)
  6 wolves (Lair:1)
  6 centaurs
  A phantom (D:4)
  4 kobold brigands
  3 bullfrogs
  A gnoll sergeant (D:8)
  4 wyvern zombies (Ossuary)
  4 scorpions
  6 killer bees (D:7)
  A howler monkey (D:10)
  5 electric eels (D:9)
  5 bullfrog zombies (Ossuary)
  4 centaur zombies (Ossuary)
  A hound (D:4)
  A jelly (D:5)
  A gnoll bouda (D:7)
  10 orc priests
  Crazy Yiuf (D:2)
  2 sleepcaps
  Terence (D:3)
  3 iguanas
  23 orc wizards
  2 killer bee zombies (Ossuary)
  14 mummies (Ossuary)
  2 howler monkey zombies (Ossuary)
  4 gnolls (D:7)
  4 adders
  3 shadow imps
  An ufetubus (D:5)
  A worm (D:2)
  4 dart slugs
  65 orcs
  8 ball pythons
  4 bats
  5 endoplasms
  3 giant cockroaches (D:3)
  6 goblins
  7 hobgoblins
  2 jackals (D:1)
  36 kobolds
  5 quokkas
  5 frilled lizards
  7 rats
333 creatures vanquished.

Vanquished Creatures (others)
  An orc wizard (D:3)
  3 fungi
  18 plants
  2 withered plants (Ossuary)
24 creatures vanquished.

Grand Total: 357 creatures vanquished

Notes
Turn   | Place    | Note
-------+----------+-------------------------------------------
     0 | D:1      | avis the Demigod Transmuter began the quest for the Orb.
     0 | D:1      | Reached XP level 1. HP: 15/15 MP: 5/5
    26 | D:1      | Reached skill level 1 in Fighting
   100 | D:1      | Reached skill level 3 in Unarmed Combat
   167 | D:1      | Reached XP level 2. HP: 20/23 MP: 7/7
   263 | D:1      | Reached skill level 1 in Stealth
  1107 | D:2      | Reached XP level 3. HP: 29/29 MP: 5/8
  1131 | D:2      | Learned a level 3 spell: Spider Form
  1134 | D:2      | Learned a level 2 spell: Wereblood
  1919 | D:2      | Found a runed translucent door.
  1923 | D:2      | Identified the +1 hammer "Foyxka" {speed, Dex+3 Stlth+}
  2204 | D:2      | Noticed Crazy Yiuf
  2241 | D:3      | Noticed pokedragonboy's ghost (amateur NaWr)
  2241 | D:3      | Noticed Terence
  2241 | D:3      | Found a runed translucent door.
  2380 | D:3      | Reached skill level 4 in Unarmed Combat
  2380 | D:3      | Reached XP level 4. HP: 23/36 MP: 9/9
  2475 | D:3      | Killed Terence
  2557 | D:3      | Reached XP level 5. HP: 41/41 MP: 10/10
  2709 | D:2      | Killed Crazy Yiuf
  2710 | D:2      | Reached skill level 1 in Poison Magic
  2714 | D:2      | Identified the +9 hammer of Evil {speed, rPois rC+ Will+
                  | rCorr}
  3182 | D:3      | Reached XP level 6. HP: 48/51 MP: 11/11
  3243 | D:3      | Found Fonommipp's General Store.
  3592 | D:4      | Reached skill level 5 in Unarmed Combat
  3850 | D:4      | Identified the +1 scale mail of Hopoh {Dex+6}
  4288 | D:5      | Entered Level 5 of the Dungeon
  4299 | D:5      | Reached XP level 7. HP: 57/57 MP: 13/13
  4304 | D:5      | Learned a level 4 spell: Ice Form
  4490 | D:5      | Found a sand-covered staircase.
  4494 | D:5      | Found a staircase to the Ecumenical Temple.
  4500 | Ossuary  | Entered an ossuary
  4586 | Ossuary  | Reached skill level 1 in Ice Magic
  4695 | Ossuary  | Reached XP level 8. HP: 35/63 MP: 15/15
  5164 | Temple   | Entered the Ecumenical Temple
  5194 | D:5      | Reached skill level 6 in Unarmed Combat
  5695 | D:6      | Found a runed translucent door.
  5754 | D:6      | Reached skill level 5 in Dodging
  6138 | D:6      | Reached XP level 9. HP: 63/71 MP: 16/18
  6141 | D:6      | Reached skill level 5 in Transmutations
  6645 | D:6      | Reached skill level 5 in Ice Magic
  6656 | D:6      | Reached skill level 1 in Shields
  7226 | D:7      | Identified the +8 war axe of Frustration {freeze, Str+5}
  7438 | D:7      | Reached skill level 5 in Fighting
  7958 | D:8      | Reached skill level 7 in Unarmed Combat
  8462 | D:8      | Reached XP level 10. HP: 81/81 MP: 17/19
  8970 | D:8      | Noticed a cyclops
  8975 | D:8      | Noticed a black mamba
  8987 | D:8      | Reached skill level 5 in Spellcasting
  8998 | D:8      | Killed a black mamba
  9003 | D:8      | Killed a cyclops
  9045 | D:8      | Identified the +1 leather armour of Anaesthesia {+Inv rElec
                  | Will++ Int-5}
  9049 | D:8      | Identified the +2 halberd of Cocytus {flame, *Slow Will+
                  | rCorr}
  9915 | D:9      | Noticed a two-headed ogre
  9925 | D:9      | Killed a two-headed ogre
 10008 | D:9      | Noticed a two-headed ogre
 10089 | D:9      | Reached skill level 8 in Unarmed Combat
 10152 | D:9      | Killed a two-headed ogre
 10153 | D:9      | Reached XP level 11. HP: 91/92 MP: 20/22
 10302 | D:9      | Reached skill level 9 in Unarmed Combat
 10510 | D:9      | Found a staircase to the Orcish Mines.
 11225 | D:10     | Entered Level 10 of the Dungeon
 11232 | D:10     | Noticed a two-headed ogre
 11244 | D:10     | Killed a two-headed ogre
 11450 | D:10     | Reached skill level 10 in Unarmed Combat
 11701 | D:10     | Found a staircase to the Lair.
 11960 | Lair:1   | Entered Level 1 of the Lair of Beasts
 12144 | Lair:1   | HP: 5/110 [iguana (6)]
 12144 | Lair:1   | Slain by a komodo dragon

Illustrated notes

Levels and vault maps discovered:
D:1:      eino_arrival_cavern_a, layout_loops_ring, chequers_avenue,
          minmay_misc_feat_pillars, hangedman_abyss_or_decor_stabs
D:2:      layout_loops_ring, solitary_fountain, lightli_corner_chamber,
          uniq_crazy_yiuf_cottage
D:3:      layout_basic, serial_shops, nicolae_lakefront_shop,
          hellmonk_ghost_happy_afterlife, uniq_terence
D:4:      layout_loops_cross, minmay_overflow_temple_star_quad
D:5:      layout_rooms, minmay_temple_entry_drinking_statues,
          nicolae_ossuary_entry_monument, minmay_misc_feat_rows
D:6:      layout_loops_corners, kennysheep_orc_sif_temple, zin_academy,
          lightli_church_of_beogh
D:7:      layout_loops_ring, serial_glass, glass_columns_a, glass_columns_c,
          item_on_display_b
D:8:      minmay_the_grid_triangle_9x9_recursive_2
          [minmay_the_grid_triangle_9x9_prize_top_heavy,
          minmay_the_grid_triangle_9x9_sparse_checkered,
          minmay_the_grid_triangle_9x9_windchime,
          minmay_the_grid_triangle_9x9_minimal], layout_layer_cave
D:9:      layout_loops_ring, mainiacjoe_overflow_alcove_2, elyvilon_altar_3,
          nicolae_ru_awakened_eye, orc_0_dummy, serial_bayou,
          serial_bayou_lake_a, serial_bayou_ford_a, serial_bayou_pond_d,
          serial_bayou_pond_d, serial_bayou_pond_a
D:10:     layout_gridville, overflow_temple_1_default, minmay_lair_entry_grove
Temple:   nicolae_temple_god_jail
Lair:1:   beast_lair_carwin_large_1, layout_big_grid

Skill      XL: |  1  2  3  4  5  6  7  8  9 10 11 |
---------------+----------------------------------+-----
Fighting       | 1 2 3 4 5 7 |  7.0
Unarmed Combat | 3 4 5 6 7 8 10 | 10.0
Dodging        | 2 3 4 5 6 8 |  8.2
Stealth        | 1 2 |  2.0
Spellcasting   | 2 3 4 5 |  5.0
Transmutations | 2 3 4 5 6 |  6.0
Poison Magic   | 1 |  1.0
Ice Magic      | 3 4 5 |  5.0
Shields        | 4 |  4.0

Action                     |  1- 3 |  4- 6 |  7- 9 | 10-12 || total
---------------------------+-------+-------+-------+-------++-------
  Melee: Unarmed           |   130 |    13 |   101 |   273 ||   517
         Kick              |    25 |    23 |    89 |       ||   137
         Headbutt          |    16 |    12 |    75 |     1 ||   104
         Mace              |    11 |   100 |   297 |       ||   408
         Punch             |     1 |     3 |     6 |       ||    10
         War axe           |       |       |    24 |     6 ||    30
   Cast: Beastly Appendage |    44 |    25 |    67 |     2 ||   138
         Spider Form       |       |     2 |     5 |     8 ||    15
         Ice Form          |       |       |     4 |    16 ||    20
         Wereblood         |       |       |     1 |       ||     1
    Use: Potion            |       |     1 |       |     2 ||     3
         Scroll            |       |     1 |     5 |     3 ||     9
   Stab: Sleeping          |     5 |     1 |     6 |     1 ||    13
 Armour: Robe              |     8 |     3 |    27 |       ||    38
         Skin              |       |    16 |     6 |    33 ||    55
         Steam dragon scal |       |       |     2 |     4 ||     6
  Dodge: Dodged            |   112 |    58 |   300 |   298 ||   768
  Block: Buckler           |       |       |    24 |     7 ||    31

Table legend: (Time is in decaauts)
 A = Elapsed time spent in this place.
 B = Non-inter-level travel time spent in this place.
 C = Inter-level travel time spent in this place.
 D = Time resting spent in this place.
 E = Time spent auto-exploring this place.
 F = Levels seen in this place.
 G = Mean time per level.
                   A        B        C        D        E       F      G
               +--------+--------+--------+--------+--------+-----+--------+
         Total |  12100 |  10428 |   1672 |    935 |   5872 |  13 |  930.8 |
       Dungeon |  11174 |   9507 |   1667 |    674 |   5721 |  10 | 1117.4 |
        Temple |     78 |     74 |      4 |      0 |      0 |   1 |   78.0 |
          Lair |    178 |    178 |      0 |      0 |    115 |   1 |  178.0 |
       Ossuary |    668 |    668 |      0 |    261 |     36 |   1 |  668.0 |
               +--------+--------+--------+--------+--------+-----+--------+

Top non-repeatable levels by time:
     D:8: 1820 daAuts
     D:2: 1290 daAuts
     D:6: 1237 daAuts
     D:9: 1210 daAuts
     D:1: 1178 daAuts
     D:7: 1090 daAuts
     D:3: 1041 daAuts
     D:5: 911 daAuts
     D:4: 780 daAuts
 Ossuary: 668 daAuts
    D:10: 612 daAuts
  Lair:1: 178 daAuts
  Temple: 78 daAuts
